 Dungeon Crawl Stone Soup version 0.26-a0-712-ga5a9c9c9d0 (webtiles) character file.

Game seed: 7936022509718416568

6678 qwer1234 the Fighter (level 11, -10/99 HPs)
             Began as a Ghoul Fighter on Nov 1, 2020.
             Was a Believer of Qazlal.
             Killed by the air
             ... invoked by Gastronok
              (20 damage)
             ... on level 9 of the Dungeon.
             The game lasted 00:24:11 (10037 turns).

qwer1234 the Fighter (Ghoul Fighter)               Turns: 10037, Time: 00:24:12

Health: -10/99     AC: 17    Str: 24    XL:     11   Next: 3%
Magic:  14/14      EV: 20    Int:  3    God:    Qazlal [**....]
Gold:   474        SH: 12    Dex:  8    Spells: 16/16 levels left

rFire    . . .     SeeInvis .   q - +1 war axe (venom)
rCold    + . .     Faith    .   c - +0 kite shield
rNeg     + + +     Spirit   .   p - +0 plate armour
rPois    ∞         Reflect  .   j - +0 helmet
rElec    .         Harm     .   (no cloak)
rCorr    +         Rampage  .   (no gloves)
MR       .....                  (no boots)
Stlth    ..........             f - amulet of the acrobat
HPRegen  0.00/turn              l - +4 ring of protection
MPRegen  0.14/turn              n - ring of resist corrosion

@: acrobat
A: rotting body, claws 1, cold resistance 1, negative energy resistance 3,
inhibited regeneration, torment resistance, unbreathing
a: Upheaval, Renounce Religion


You were on level 9 of the Dungeon.
You worshipped Qazlal.
Qazlal was pleased with you.
You visited 2 branches of the dungeon, and saw 10 of its levels.
You also visited: Sewer.

You collected 474 gold pieces.

Inventory:

Hand Weapons
 a - a +4 scimitar of flaming
 i - a +0 morningstar
 q - a +1 war axe of venom (weapon)
Armour
 c - a +0 kite shield (worn)
 j - a +0 helmet (worn)
 p - a +0 plate armour (worn)
Jewellery
 b - an uncursed ring of flight
 f - an amulet of the acrobat (around neck)
 l - a +4 ring of protection (left claw)
 n - a ring of resist corrosion (right claw)
Wands
 d - a wand of iceblast (13)
 h - a wand of enslavement (5)
 k - a wand of polymorph (2)
Scrolls
 e - 6 scrolls of remove curse
 g - 9 scrolls of identify
Potions
 o - a potion of curing


   Skills:
 * Level 10.1 Fighting
 * Level 8.2 Axes
 + Level 4.4 Armour
 + Level 3.4 Dodging
 - Level 3.6 Stealth
 + Level 4.4 Shields
 + Level 4.3 Unarmed Combat
 + Level 3.0 Spellcasting
 + Level 3.8 Invocations
 + Level 3.2 Evocations


You had 16 spell levels left.
You didn't know any spells.
Your spell library contained the following spells:

 Spells                   Type           Power        Failure   Level
 Shock                    Conj/Air       #...         100%        1
 Airstrike                Air            #.........   100%        4
 Freezing Cloud           Conj/Ice/Air   #.........   100%        6
 Tornado                  Air            #.........   100%        9


Dungeon Overview and Level Annotations

Branches:
Dungeon (9/15)             Temple (1/1) D:4           Sewer (visited)
   Lair: D:8-11         Orc: D:9-12

Altars:
Ashenzari
Cheibriados
Dithmenos
Elyvilon
Fedhas
Gozag
Hepliaklqana
Kikubaaqudgha
Makhleb
Nemelex Xobeh
Okawaru
Qazlal
Ru
Sif Muna
Trog
Uskayaw
Vehumet
Wu Jian
Xom
Yredelemnul
The Shining One

Shops:
D:6 :

Annotations:
D:9 Gastronok


Innate Abilities, Weirdness & Mutations

Your body is rotting away.
You thrive by killing the living.
You are immune to poison.
You have sharp fingernails.
Your flesh is cold resistant. (rC+)
You are immune to negative energy. (rN+++)
You do not regenerate when monsters are visible.
You are immune to unholy pain and torment.
You can survive without breathing.


Message History

Gastronok waves his eye-stalks in wide circles.
The air twists around and strikes you!!
* * * LOW HITPOINT WARNING * * *
The rat bites you but does no damage.
You feel much better. The rat closely misses you.
Your plate armour prevents you from hitting Gastronok.
Gastronok is moderately wounded.
You slash the rat!
You kill the rat!
The rat's corpse disappears in a puff of smoke!
Gastronok is engulfed in blazing flames.
Gastronok bites you!!
* * * LOW HITPOINT WARNING * * *
Gastronok is engulfed in blazing flames.
Gastronok's eyestalks wobble, almost dislodging his wizard hat.
Found a stone staircase leading up.
You block the ogre's attack.
Gastronok waves his eye-stalks in wide circles.
The air twists around and strikes you!!
You die...

#...# #...# #..<#
#...# #...# #...#
#. #)..# ..
#.####..@# ....
#....§..O######....
#..............$...
#.......§..........
#......w...........
#....††............
#........†.........
#...<).).†.......#
#...†..).†.......#


You could see Gastronok (swift, very poisoned) and an ogre.

Vanquished Creatures
  Erolcha (D:8)
  Erica (D:8)
  Grinder (D:5)
  Sigmund (D:2)
  4 yaks (D:9)
  Grum (D:8)
  3 sky beasts
  An ice beast (D:8)
  3 orc warriors
  2 phantoms
  6 ogres
  3 wolves (D:8)
  2 centaurs
  Blork the orc (D:6)
  3 bullfrogs
  2 scorpions
  4 wights (D:7)
  15 killer bees
  A howler monkey (D:5)
  A centaur zombie (D:5)
  A jelly (D:5)
  4 hounds
  A gnoll shaman (D:8)
  4 orc priests
  7 orc wizards
  A centaur skeleton (D:5)
  An iguana (D:8)
  Ijyb (D:4)
  Terence (D:2)
  A bullfrog skeleton (D:9)
  7 worker ants
  A howler monkey zombie (D:9)
  A worker ant zombie (D:8)
  Robin (D:2)
  13 adders
  8 gnolls
  3 river rats (D:3)
  2 shadow imps (D:7)
  4 white imps
  12 oozes
  An adder zombie (D:6)
  2 adder skeletons
  2 worms
  A dart slug (D:1)
  20 leopard geckos
  25 orcs
  11 bats
  12 giant cockroaches
  14 goblins
  10 hobgoblins
  17 jackals
  2 quokkas
  10 ball pythons
  18 frilled lizards
  7 kobolds
  A leopard gecko zombie (D:5)
  8 rats
291 creatures vanquished.

Vanquished Creatures (others)
  5 plants (D:3)
5 creatures vanquished.

Grand Total: 296 creatures vanquished

Notes
Turn   | Place    | Note
-------+----------+-------------------------------------------
     0 | D:1      | qwer1234 the Ghoul Fighter began the quest for the Orb.
     0 | D:1      | Reached XP level 1. HP: 19/19 MP: 0/0
    66 | D:1      | Reached XP level 2. HP: 20/26 MP: 1/1
   493 | D:1      | Reached XP level 3. HP: 33/33 MP: 2/2
   498 | D:1      | Reached skill level 4 in Fighting
   637 | D:1      | Lost intelligence.
  1295 | D:2      | Noticed Sigmund
  1297 | D:2      | Noticed Robin
  1345 | D:1      | Reached XP level 4. HP: 37/41 MP: 3/3
  1752 | D:2      | Noticed Terence
  1766 | D:2      | Killed Terence
  1882 | D:2      | Killed Sigmund
  1882 | D:2      | Reached skill level 5 in Fighting
  1882 | D:2      | Reached XP level 5. HP: 23/50 MP: 4/4
  1882 | D:2      | Reached XP level 6. HP: 26/57 MP: 5/5
  2113 | D:2      | Killed Robin
  2642 | D:3      | Found a glowing drain.
  2674 | Sewer    | Entered a sewer
  2699 | Sewer    | Reached skill level 6 in Fighting
  3013 | Sewer    | Reached XP level 7. HP: 51/63 MP: 6/6
  3185 | Sewer    | Reached skill level 5 in Axes
  3289 | Sewer    | Identified the Disquisition on Lightness
  3329 | D:3      | Found a basalt altar of Yredelemnul.
  3666 | D:3      | Reached skill level 7 in Fighting
  3807 | D:3      | Found a faded altar of an unknown god.
  4243 | D:4      | Noticed Ijyb
  4263 | D:4      | Killed Ijyb
  4267 | D:4      | Reached XP level 8. HP: 7/73 MP: 7/7
  4567 | D:4      | Found a burning altar of Makhleb.
  4647 | D:4      | Reached skill level 8 in Fighting
  4875 | D:4      | Found a staircase to the Ecumenical Temple.
  4889 | Temple   | Entered the Ecumenical Temple
  4983 | Temple   | Became a worshipper of Qazlal Stormbringer
  5242 | D:5      | Entered Level 5 of the Dungeon
  5242 | D:5      | Found a shadowy altar of Dithmenos.
  5246 | D:5      | Noticed Grinder
  5252 | D:5      | Paralysed by Grinder for 2 turns
  5278 | D:5      | Paralysed by Grinder for 6 turns
  5289 | D:5      | Paralysed by Grinder for 7 turns
  5314 | D:5      | Killed Grinder
  5589 | D:5      | Reached skill level 1 in Stealth
  5605 | D:5      | Found a hide-covered altar of Uskayaw.
  6223 | D:5      | Reached skill level 1 in Unarmed Combat
  6223 | D:5      | Reached skill level 1 in Spellcasting
  6223 | D:5      | Reached skill level 1 in Invocations
  6251 | D:5      | Found the +0 staff of Battle
  6395 | D:5      | Found an opulent altar of Gozag.
  6403 | D:5      | Reached skill level 1 in Evocations
  6873 | D:6      | Found Uxuwirot's Book Shop.
  6990 | D:6      | Found an ancient bone altar of Kikubaaqudgha.
  7188 | D:6      | Noticed Blork the orc
  7200 | D:6      | Killed Blork the orc
  7478 | D:7      | Reached skill level 1 in Dodging
  7494 | D:7      | Reached XP level 9. HP: 70/82 MP: 9/9
  7726 | D:7      | Reached * piety under Qazlal
  8528 | D:8      | Got a spiked leather armour
  8529 | D:8      | Identified the +3 leather armour "Bideuqinu" {Harm rPois
                  | MR-} (You found it on level 8 of the Dungeon)
  8545 | D:8      | Noticed Erica
  8550 | D:8      | Reached skill level 9 in Fighting
  8570 | D:8      | Killed Erica
  8570 | D:8      | Reached XP level 10. HP: 35/91 MP: 10/12
  9001 | D:8      | Noticed Grum
  9032 | D:8      | Killed Grum
  9346 | D:8      | Reached ** piety under Qazlal
  9703 | D:9      | Noticed Erolcha
  9718 | D:8      | Killed Erolcha
  9985 | D:9      | Reached skill level 10 in Fighting
 10001 | D:9      | Reached XP level 11. HP: 60/99 MP: 14/14
 10008 | D:9      | Noticed Gastronok
 10037 | D:9      | Killed from afar by Gastronok

Illustrated notes

Levels and vault maps discovered:
D:1:      lightli_arrival_boilingwater, layout_loops_ring
D:2:      layout_rooms, uniq_sigmund, uniq_robin, uniq_terence
D:3:      layout_loops_ring, lemuel_crystal_altar, portal_sewer_entry_c,
          serial_forest, infiniplex_forest_straight_3, infiniplex_forest_end_3,
          infiniplex_forest_end_1, infiniplex_forest_pool,
          infiniplex_forest_side_room, infiniplex_forest_lined_room_,
          infiniplex_forest_straight_2, infiniplex_forest_straight_3,
          infiniplex_forest_straight_5, chequers_ecumenical_altar_simple
D:4:      minmay_general_purpose_star, layout_cave_pools, old_standard_altar,
          temple_statues, uniq_ijyb
D:5:      layout_layer_cave, lemuel_crystal_altar,
          nicolae_gozag_cash_rules_everything_around_me, basic_altar,
          uniq_grinder
D:6:      layout_loops_ring, lemuel_doored_altar, serial_shops,
          nicolae_shop_temple_entry_statues_fountains, uniq_blork_the_orc
D:7:      layout_basic, minmay_misc_feat_hallway
D:8:      layout_loops_ring, uniq_grum, uniq_erica
D:9:      layout_long_grid, zin_purify, erik_lair_island, orc_0_dummy,
          hangedman_decor_lopped, uniq_erolcha, uniq_gastronok
Temple:   minmay_temple_bridge_d

Skill      XL: |  1  2  3  4  5  6  7  8  9 10 11 |
---------------+----------------------------------+-----
Axes           | 2 4 5 6 7 8 |  8.2
Fighting       | 4 5 6 7 8 9 10 | 10.1
Stealth        | 1 3 |  3.6
Unarmed Combat | 1 3 4 |  4.3
Spellcasting   | 1 2 3 |  3.0
Invocations    | 1 2 3 |  3.8
Shields        | 3 4 |  4.4
Evocations     | 1 2 3 |  3.2
Armour         | 3 4 |  4.4
Dodging        | 1 2 3 |  3.4

Action                   |  1- 3 |  4- 6 |  7- 9 | 10-12 || total
-------------------------+-------+-------+-------+-------++-------
Melee: War axe           |    93 |   226 |   396 |   199 ||   914
       Staff             |       |       |    17 |       ||    17
Evoke: Wand              |       |       |       |     1 ||     1
  Use: Potion            |     2 |     5 |     9 |     1 ||    17
       Scroll            |       |     5 |     5 |     2 ||    12
 Stab: Invisible         |       |     3 |       |       ||     3
Armor: Scale mail        |    75 |    53 |       |       ||   128
       Chain mail        |       |   177 |   200 |       ||   377
       Plate armour      |       |       |   128 |   116 ||   244
Dodge: Dodged            |    49 |    95 |   166 |    65 ||   375
Block: Kite shield       |    80 |   182 |   220 |   138 ||   620
       Other             |       |       |     6 |       ||     6

Table legend: (Time is in decaauts)
 A = Elapsed time spent in this place.
 B = Non-inter-level travel time spent in this place.
 C = Inter-level travel time spent in this place.
 D = Time resting spent in this place.
 E = Time spent auto-exploring this place.
 F = Levels seen in this place.
 G = Mean time per level.
                   A        B        C        D        E       F      G
               +--------+--------+--------+--------+--------+-----+--------+
         Total |  10945 |  10436 |    509 |   1188 |   6342 |  11 |  995.0 |
       Dungeon |  10020 |   9608 |    412 |   1188 |   5935 |   9 | 1113.3 |
        Temple |    163 |     66 |     97 |      0 |     64 |   1 |  163.0 |
         Sewer |    760 |    760 |      0 |      0 |    343 |   1 |  760.0 |
               +--------+--------+--------+--------+--------+-----+--------+

Top non-repeatable levels by time:
     D:1: 1901 daAuts
     D:5: 1623 daAuts
     D:8: 1455 daAuts
     D:2: 1292 daAuts
     D:3: 1114 daAuts
     D:7: 1064 daAuts
     D:4: 877 daAuts
   Sewer: 760 daAuts
     D:6: 609 daAuts
  Temple: 163 daAuts
     D:9: 81 daAuts
